 Dungeon Crawl Stone Soup version 0.17.1-1-g73c8601 (webtiles) character file.

1953 PossumBlood the Cleaver (level 8, -2/64 HPs)
             Began as a Minotaur Fighter on Jan 9, 2016.
             Was an Initiate of Okawaru.
             Slain by Pikel
             ... wielding a +2 whip of electrocution
              (15 damage)
             ... on level 6 of the Dungeon.
             The game lasted 00:21:13 (5307 turns).

PossumBlood the Cleaver (Minotaur Fighter)          Turns: 5307, Time: 00:21:13

Health: -2/64      AC: 14    Str: 26    XL:     8   Next: 99%
Magic:  7/7        EV:  4    Int:  5    God:    Okawaru [......]
Gold:   136        SH: 11    Dex: 10    Spells: 0 memorised, 7 levels left

rFire  . . .     SeeInvis .     a - +0 war axe
rCold  . . .     Clarity  +     F - +0 plate armour
rNeg   . . .     SustAt   .     c - +1 shield
rPois  .         Gourm    .     d - +1 hat
rElec  .         Spirit   .     t - +0 cloak
rCorr  .         Warding  .     (no gloves)
rMut   .         Stasis   .     g - +0 pair of boots
MR     .....                    v - amulet of clarity
Stlth  ..........               (no ring)
                                r - +3 ring of strength

@: not resistant to hostile enchantments, extremely unstealthy
A: retaliatory headbutt, horns 2
a: Renounce Religion


You were on level 6 of the Dungeon.
You worshipped Okawaru.
Okawaru was noncommittal.
You were not hungry.

You visited 2 branches of the dungeon, and saw 7 of its levels.

You collected 325 gold pieces.
You spent 189 gold pieces at shops.

Inventory:

Hand Weapons
 a - a +0 war axe (weapon)
Missiles
 E - 5 tomahawks (quivered)
Armour
 c - a +1 shield (worn)
 d - a +1 hat (worn)
 g - a +0 pair of boots (worn)
 t - a +0 cloak (worn)
 F - a +0 plate armour (worn)
Jewellery
 r - a +3 ring of strength (left hand)
 v - an amulet of clarity (around neck)
Wands
 p - a wand of enslavement (10)
 q - a wand of teleportation (9)
 A - a wand of paralysis (16)
Scrolls
 i - 3 scrolls of identify
 j - 4 scrolls of remove curse
 k - 2 scrolls of immolation
 o - a scroll of amnesia
 s - a scroll of enchant weapon
 w - a scroll of enchant armour
 x - 3 scrolls of recharging
 y - a scroll of magic mapping
 z - 2 scrolls of teleportation
Potions
 m - 3 potions of lignification
 n - a potion of haste
 u - a potion of agility
 B - a potion of brilliance
Miscellaneous
 C - a crystal ball of energy
Comestibles
 e - 5 bread rations
 f - 3 meat rations
 h - a slice of pizza
 l - 3 beef jerkies


   Skills:
 - Level 3.6 Fighting
 * Level 13.5 Axes
 - Level 3.6 Armour
 - Level 3.6 Shields


You had 7 spell levels left.
You didn't know any spells.

Dungeon Overview and Level Annotations

Branches:
Dungeon (6/15)             Temple (1/1) D:6

Altars:
Ashenzari
Cheibriados
Fedhas
Gozag
Kikubaaqudgha
Makhleb
Nemelex Xobeh
Okawaru
Qazlal
Ru
Sif Muna
Trog
Zin
The Shining One

Shops:
D:5 ?

Annotations:
D:6 Pikel


Innate Abilities, Weirdness & Mutations

You reflexively headbutt those who attack you in melee.
You have a pair of horns on your head.


Message History

* * * LOW HITPOINT WARNING * * *
The slave hits you but does no damage. You block Pikel's attack.
You are too injured to fight recklessly!
You are too injured to fight recklessly!
Unknown command.
You are too injured to fight recklessly!
You are too injured to fight recklessly!
You are too injured to fight recklessly!
You slash Pikel!
Pikel is moderately wounded.
You hit the slave.
The slave is heavily wounded.
You hit the slave.
The slave is moderately wounded.
The slave hits you but does no damage. The slave hits you.
* * * LOW HITPOINT WARNING * * *
Pikel hits you with a whip of electrocution.
* * * LOW HITPOINT WARNING * * *
You are electrocuted!
You die...

....##.####
#.......# #..
.......#
###...### ###
.#..####
####...# .#..#
..##.######
....#
#.#......#
###.#
#...####.#
....#
...###.........
#####
#........#.##.#
#..#.##@[.....#
. #..pKp..##.#
####..### #
#..# .... ...%.
..... #.....#


You could see Pikel and 2 slaves.

Vanquished Creatures
  The ghost of SirMumm the Conjurer, a novice DgWz (D:6)
  Grinder (D:5)
  Edmund (D:6)
  A water moccasin (D:5)
  Duvessa (D:5)
  A sky beast (D:5)
  2 slaves (D:6)
  2 orc warriors
  3 centaurs
  A giant frog (D:6)
  Dowan (D:5)
  A scorpion (D:4)
  The ghost of Flanowski the Sneak, a weakling VSAs (D:3)
  Crazy Yiuf (D:4)
  2 giant frog skeletons
  2 hounds
  3 orc wizards (D:6)
  2 worker ants
  An iguana (D:6)
  8 adders
  A shadow imp (D:5)
  3 worms
  7 giant geckos
  10 orcs
  5 ball pythons
  4 bats
  A giant cockroach (D:1)
  10 goblins
  6 hobgoblins
  4 jackals (D:1)
  3 quokkas
  3 giant newts
  A jackal skeleton (D:5)
  9 kobolds
  A rat (D:2)
  A fungus (D:4)
105 creatures vanquished.

Notes
Turn   | Place    | Note
--------------------------------------------------------------
     0 | D:1      | PossumBlood the Minotaur Fighter began the quest for the Orb.
     0 | D:1      | Reached XP level 1. HP: 19/19 MP: 0/0
   295 | D:1      | Reached XP level 2. HP: 23/26 MP: 1/1
   622 | D:1      | Reached skill level 4 in Axes
   929 | D:2      | Reached XP level 3. HP: 28/31 MP: 2/2
  1398 | D:2      | Reached skill level 5 in Axes
  1628 | D:3      | Found a glowing golden altar of the Shining One.
  1641 | D:3      | Noticed Flanowski's ghost (weakling VSAs)
  1656 | D:3      | Killed Flanowski's ghost
  1656 | D:3      | Reached XP level 4. HP: 21/39 MP: 3/3
  2128 | D:4      | Reached skill level 6 in Axes
  2208 | D:4      | Reached XP level 5. HP: 45/45 MP: 4/4
  2730 | D:4      | Noticed an orc warrior
  2736 | D:4      | Killed an orc warrior
  2736 | D:4      | Reached skill level 7 in Axes
  2736 | D:4      | Reached XP level 6. HP: 19/51 MP: 5/5
  3010 | D:4      | Reached skill level 8 in Axes
  3146 | D:4      | Noticed Crazy Yiuf
  3155 | D:4      | Killed Crazy Yiuf
  3187 | D:5      | Entered Level 5 of the Dungeon
  3270 | D:5      | Reached skill level 9 in Axes
  3290 | D:5      | Found a sparkling altar of Nemelex Xobeh.
  3292 | D:5      | Noticed Duvessa
  3293 | D:5      | Noticed Dowan
  3304 | D:5      | Killed Duvessa
  3304 | D:5      | Reached XP level 7. HP: 51/57 MP: 6/6
  3313 | D:5      | Killed Dowan
  3341 | D:5      | Noticed a water moccasin
  3352 | D:5      | Killed a water moccasin
  3352 | D:5      | Reached skill level 10 in Axes
  4055 | D:5      | Noticed Grinder
  4056 | D:5      | Found Gomoekuesih's Magic Scroll Boutique.
  4069 | D:5      | Killed Grinder
  4069 | D:5      | Reached skill level 11 in Axes
  4069 | D:5      | Reached XP level 8. HP: 52/64 MP: 7/7
  4079 | D:5      | Bought a scroll of enchant weapon for 105 gold pieces
  4079 | D:5      | Bought a scroll of teleportation for 42 gold pieces
  4079 | D:5      | Bought a scroll of teleportation for 42 gold pieces
  4353 | D:6      | Noticed SirMumm's ghost (novice DgWz)
  4361 | D:6      | Killed SirMumm's ghost
  4361 | D:6      | Reached skill level 12 in Axes
  4473 | D:6      | Found a burning altar of Makhleb.
  4488 | D:6      | Noticed Edmund
  4507 | D:6      | Killed Edmund
  4587 | D:6      | Reached skill level 13 in Axes
  4983 | D:6      | Found a bloodstained altar of Trog.
  5157 | D:6      | Found a staircase to the Ecumenical Temple.
  5168 | Temple   | Entered the Ecumenical Temple
  5182 | Temple   | Became a worshipper of Warmaster Okawaru
  5296 | D:6      | Noticed Pikel
  5307 | D:6      | Slain by Pikel

Action                   |  1- 3 |  4- 6 |  7- 9 || total
-------------------------+-------+-------+-------++-------
Melee: War axe           |   105 |    93 |   135 ||   333
  Use: Scroll            |     8 |     3 |     3 ||    14
       Potion            |       |       |     1 ||     1
  Eat: Bread ration      |     1 |     1 |     1 ||     3
       Fruit             |       |       |     2 ||     2
